 Dungeon Crawl Stone Soup version 0.26-a0-357-gd2331e5 (webtiles) character file.

Game seed: 11312053391838625531

130 varedna the Magician (level 5, 0/37 HPs)
             Began as a Gnoll Wanderer on July 17, 2020.
             Was a Follower of Uskayaw.
             Succumbed to an adder's poison
             ... on level 3 of the Dungeon.
             The game lasted 00:13:01 (3194 turns).

varedna the Magician (Gnoll Wanderer)               Turns: 3194, Time: 00:13:01

Health: 0/37       AC:  4    Str: 11 (13) XL:     5   Next: 13%
Magic:  12/12      EV: 12    Int: 13 (16) God:    Uskayaw [*.....]
Gold:   118        SH:  0    Dex: 14 (15) Spells: 13/14 levels left

rFire    . . .     SeeInvis .   f - +0 halberd
rCold    . . .     Faith    .   (shield currently unavailable)
rNeg     . . .     Spirit   .   v - +0 leather armour
rPois    .         Reflect  .   t - +0 helmet
rElec    .         Harm     .   (no cloak)
rCorr    .                      (no gloves)
MR       .....                  (no boots)
Stlth    ++........             (no amulet)
HPRegen  0.12/turn              (no ring)
MPRegen  0.13/turn              (no ring)

@: lethally poisoned (0 -> -12), flying, very slightly contaminated, hasted,
invisible, very quick
A: distributed training, fangs 1, strong nose
a: Stomp, Renounce Religion


You were on level 3 of the Dungeon.
You worshipped Uskayaw.
Uskayaw was noncommittal.
You visited 1 branch of the dungeon, and saw 3 of its levels.

You collected 118 gold pieces.

Inventory:

Hand Weapons
 f - a +0 halberd (weapon)
 g - a +0 hunting sling
 u - a +0 war axe
Missiles
 a - 27 stones (quivered)
 q - 27 sling bullets
Armour
 t - a +0 helmet (worn)
 v - a +0 leather armour (worn)
Scrolls
 c - 2 scrolls of remove curse {unknown}
 e - a scroll of magic mapping {unknown}
 h - 2 scrolls of blinking {unknown}
 j - 2 scrolls of identify {unknown}
 k - 3 scrolls of enchant weapon {unknown}
 l - a scroll of random uselessness {unknown}
 o - a scroll of teleportation {unknown}
Potions
 i - 2 potions of haste
 m - a potion of invisibility
 n - a potion of might {unknown}
 p - a potion of heal wounds {unknown}
 r - a potion of brilliance {unknown}
 s - a potion of cancellation {unknown}


   Skills:
 + Level 1.3 Fighting
 + Level 1.3 Short Blades
 + Level 1.3 Long Blades
 + Level 1.3 Axes
 + Level 1.3 Maces & Flails
 + Level 4.7 Polearms
 + Level 1.3 Staves
 + Level 1.3 Slings
 + Level 1.3 Bows
 + Level 1.3 Crossbows
 + Level 1.3 Throwing
 + Level 1.3 Armour
 + Level 2.9 Dodging
 + Level 2.7 Stealth
 + Level 2.9 Shields
 + Level 1.3 Unarmed Combat
 + Level 5.1 Spellcasting
 + Level 1.1 Conjurations
 + Level 1.1 Hexes
   Level 0.0 Charms
 + Level 1.1 Summonings
 + Level 1.1 Necromancy
 + Level 1.1 Translocations
 + Level 1.1 Transmutations
 + Level 1.1 Fire Magic
 + Level 3.9 Ice Magic
 + Level 2.3 Air Magic
 + Level 1.1 Earth Magic
 + Level 1.1 Poison Magic
 + Level 1.5 Invocations
 + Level 1.3 Evocations


You had 13 spell levels left.
You knew the following spells:

 Your Spells              Type           Power        Failure   Level
a - Sandblast             Erth           #.....       16%         1

Your spell library contained the following spells:

 Spells                   Type           Power        Failure   Level
 Stone Arrow              Conj/Erth      #.....       43%         3


Dungeon Overview and Level Annotations

Branches:
Dungeon (3/15)

Altars:
Elyvilon
Nemelex Xobeh
Trog
Uskayaw
Yredelemnul


Innate Abilities, Weirdness & Mutations

Your experience applies equally to all skills.
You have very sharp teeth.
Your uncanny sense of smell can sniff out nearby items.


Message History

You feel sick. The adder bites you.
* * * LOW HITPOINT WARNING * * *
You closely miss the adder.
The adder is heavily wounded.
* * * LOW HITPOINT WARNING * * *
You feel sick. The adder misses you. The adder closely misses you.
You miss the adder.
The adder is heavily wounded.
* * * LOW HITPOINT WARNING * * *
You feel sick.
It was a potion of haste.
You feel yourself speed up.
* * * LOW HITPOINT WARNING * * *
You feel sick.
It was a potion of flight.
You feel very buoyant.
You fly up into the air.
It was a potion of degeneration.
There was something very wrong with that liquid.
You feel weakened.
You feel dopey.
You feel clumsy.
You die...

#.....## #..
...... #.. .[...
#.S #?..## #..
#.... #.. #..# #$.
##))# #..##...###
#..@......# #
#.###..##.#.#
#∆###.###.#.#
..........## ###
###.###.####.#...#
#.# #.# ...#. #.#
#.####.##.## #.#
#.........†.
#).###.##.##


You could see an adder (wandering).

Vanquished Creatures
  Jessica (D:2)
  A gnoll (D:1)
  3 adders
  A worm (D:3)
  3 dart slugs
  An orc (D:3)
  6 bats
  6 goblins
  6 hobgoblins
  7 jackals
  A quokka (D:2)
  A ball python (D:2)
  8 frilled lizards
  11 kobolds
  4 rats
60 creatures vanquished.

Notes
Turn   | Place    | Note
-------+----------+-------------------------------------------
     0 | D:1      | varedna the Gnoll Wanderer began the quest for the Orb.
     0 | D:1      | varedna set off with the following items: a +0 spear, a +0
                  | kite shield, a +0 robe; and the following spell memorised:
                  | Sandblast; and the following spells available to memorise:
                  | Stone Arrow
     0 | D:1      | Reached XP level 1. HP: 13/13 MP: 6/6
   135 | D:1      | Reached XP level 2. HP: 19/19 MP: 7/7
   602 | D:1      | Reached XP level 3. HP: 25/25 MP: 9/9
   891 | D:1      | Reached skill level 5 in Spellcasting
  1214 | D:2      | HP: 1/25 [quokka (4)]
  1235 | D:2      | HP: 1/25 [ball python (1)]
  1273 | D:2      | HP: 1/25 [kobold (3)]
  1675 | D:2      | Reached skill level 1 in Invocations
  1976 | D:2      | Reached skill level 1 in Fighting
  1976 | D:2      | Reached skill level 1 in Short Blades
  1976 | D:2      | Reached skill level 1 in Long Blades
  1976 | D:2      | Reached skill level 1 in Axes
  1976 | D:2      | Reached skill level 1 in Maces & Flails
  1976 | D:2      | Reached skill level 1 in Staves
  1976 | D:2      | Reached skill level 1 in Slings
  1976 | D:2      | Reached skill level 1 in Bows
  1976 | D:2      | Reached skill level 1 in Crossbows
  1976 | D:2      | Reached skill level 1 in Throwing
  1976 | D:2      | Reached skill level 1 in Armour
  1976 | D:2      | Reached skill level 1 in Unarmed Combat
  1976 | D:2      | Reached skill level 1 in Evocations
  1976 | D:2      | Reached XP level 4. HP: 21/32 MP: 11/11
  2329 | D:2      | Found a bloodstained altar of Trog.
  2352 | D:2      | Noticed Jessica
  2356 | D:2      | Killed Jessica
  2410 | D:2      | Reached skill level 1 in Conjurations
  2410 | D:2      | Reached skill level 1 in Hexes
  2410 | D:2      | Reached skill level 1 in Summonings
  2410 | D:2      | Reached skill level 1 in Necromancy
  2410 | D:2      | Reached skill level 1 in Translocations
  2410 | D:2      | Reached skill level 1 in Transmutations
  2410 | D:2      | Reached skill level 1 in Fire Magic
  2410 | D:2      | Reached skill level 1 in Earth Magic
  2410 | D:2      | Reached skill level 1 in Poison Magic
  2594 | D:2      | Found a white marble altar of Elyvilon.
  2669 | D:2      | Found a basalt altar of Yredelemnul.
  2854 | D:2      | Found a sparkling altar of Nemelex Xobeh.
  2938 | D:2      | Found a hide-covered altar of Uskayaw.
  2959 | D:2      | Became a worshipper of Uskayaw the Reveler
  3071 | D:3      | Reached * piety under Uskayaw
  3143 | D:3      | Reached XP level 5. HP: 36/37 MP: 12/12
  3159 | D:3      | Reached ** piety under Uskayaw
  3191 | D:3      | HP: 1/37 [poisoned by an adder]
  3194 | D:3      | Succumbed to an adder's poison

Illustrated notes

Levels and vault maps discovered:
D:1:      saegor_arrival_simple_d, layout_basic
D:2:      layout_basic, kennysheep_ying_yang, marbit_many_paths,
          lemuel_round_altar, nicolae_overflow_crystal_walls, uniq_jessica
D:3:      layout_loops_ring, zin_angel, minitemple, grunt_ministairs_4,
          nicolae_dithmenos_shadow_blocks

Skill      XL: |  1  2  3  4 |
---------------+-------------+-----
Air Magic      | 2 |  2.3
Spellcasting   | 5 |  5.1
Invocations    | 1 |  1.5
Fighting       | 1 |  1.3
Short Blades   | 1 |  1.3
Long Blades    | 1 |  1.3
Axes           | 1 |  1.3
Maces & Flails | 1 |  1.3
Staves         | 1 |  1.3
Slings         | 1 |  1.3
Bows           | 1 |  1.3
Crossbows      | 1 |  1.3
Throwing       | 1 |  1.3
Armour         | 1 |  1.3
Unarmed Combat | 1 |  1.3
Evocations     | 1 |  1.3
Conjurations   | 1 |  1.1
Hexes          | 1 |  1.1
Summonings     | 1 |  1.1
Necromancy     | 1 |  1.1
Translocations | 1 |  1.1
Transmutations | 1 |  1.1
Fire Magic     | 1 |  1.1
Earth Magic    | 1 |  1.1
Poison Magic   | 1 |  1.1
Polearms       | |  4.7
Dodging        | |  2.9
Stealth        | |  2.7
Shields        | |  2.9
Ice Magic      | |  3.9

Action                   |  1- 3 |  4- 6 || total
-------------------------+-------+-------++-------
Melee: Spear             |    50 |       ||    50
       Halberd           |    66 |    98 ||   164
       Bite              |     6 |     6 ||    12
 Fire: Hunting sling     |    22 |     5 ||    27
Throw: Stone             |     2 |       ||     2
 Cast: Sandblast         |       |     4 ||     4
  Use: Potion            |     2 |     4 ||     6
 Stab: Sleeping          |     4 |     2 ||     6
       Distracted        |       |     1 ||     1
Armor: Robe              |    16 |     8 ||    24
       Leather armour    |       |    12 ||    12
Dodge: Dodged            |    95 |    69 ||   164
Block: Kite shield       |    12 |       ||    12

Table legend:
 A = Non-vault XP
 B = Vault XP
 C = Vault XP percentage of total XP
 D = Non-vault monster count
 E = Vault monster count
 F = Vault count percentage of total count
                 A         B        C        D         E       F
            +---------+---------+-------+---------+---------+-------
      Total |     148 |      38 |  20.4 |      58 |       2 |   3.3
            +---------+---------+-------+---------+---------+-------
        D:1 |      43 |       0 |   0.0 |      21 |       0 |   0.0
        D:2 |      76 |      38 |  33.3 |      30 |       2 |   6.2
        D:3 |      29 |       0 |   0.0 |       7 |       0 |   0.0
            +---------+---------+-------+---------+---------+-------
